 Dungeon Crawl Stone Soup version 0.28-a0-381-g937acc2988 (webtiles) character file.

Game seed: 15630740944032110280

348 zezblit the Chiller (level 6, -3/38 (41) HPs)
             Began as a Merfolk Ice Elementalist on Sept 1, 2021.
             Slain by a wight (4 damage)
             ... on level 4 of the Dungeon.
             The game lasted 00:35:53 (4196 turns).

zezblit the Chiller (Merfolk Ice Elementalist)      Turns: 4196, Time: 00:35:54

HP:   -3/38 (41)    AC:  7    Str:  9    XL:     6   Next: 60%
MP:   2/11          EV: 13    Int: 16    God:
Gold: 224           SH:  0    Dex: 20    Spells: 3/12 levels left

rFire   . . .      SeeInvis .   c - staff of cold
rCold   + . .      Faith    .   (no shield)
rNeg    . . .      Spirit   .   j - +1 leather armour
rPois   .          Reflect  .   p - +1 hat
rElec   .          Harm     .   (no cloak)
rCorr   .          Rampage  .   t - +0 pair of gloves
Will    +....                   e - +0 pair of boots
Stlth   ++........              (no amulet)
HPRegen 0.12/turn               d - ring of willpower
MPRegen 0.12/turn               i - +6 ring of dexterity

@: drained
A: (nimble swimmer 2), mertail
a: no special abilities


You were on level 4 of the Dungeon.
You visited 1 branch of the dungeon, and saw 5 of its levels.

You collected 224 gold pieces.

Inventory:

Hand Weapons
 f - a +0 flail
 o - a +0 whip
 r - a +2 flail of draining
Armour
 e - a +0 pair of boots (worn)
 j - a +1 leather armour (worn)
 p - a +1 hat (worn)
 t - a +0 pair of gloves (worn)
Magical Staves
 c - a staff of cold (weapon)
Jewellery
 d - a ring of willpower (left hand)
 i - a +6 ring of dexterity (right hand)
 q - a +4 ring of protection
Wands
 l - a wand of polymorph (9)
 u - a wand of charming (10)
Scrolls
 a - a scroll of noise {unknown}
 n - a scroll of blinking
 s - a scroll of magic mapping
Potions
 b - a potion of lignification {unknown}
 g - 4 potions of curing
 h - 2 potions of heal wounds
 k - 3 potions of brilliance {unknown}
 m - a potion of attraction {unknown}


   Skills:
 - Level 0.3 Maces & Flails
 - Level 0.1 Armour
 + Level 3.2 Dodging
 - Level 2.5 Stealth
 + Level 0.2 Unarmed Combat
 + Level 3.5 Spellcasting
 * Level 7.1 Ice Magic


You had 3 spell levels left.
You knew the following spells:

 Your Spells              Type           Power      Damage    Failure   Level
a - Freeze                Ice            100%       1d11      1%          1
b - Frozen Ramparts       Ice            76%        1d9       4%          3
c - Ozocubu's Armour      Ice            38%        N/A       4%          3
d - Poisonous Vapours     Pois/Air       4%         N/A       36%         2

Your spell library contained the following spells:

 Spells                   Type           Power      Damage    Failure   Level
 Sting                    Tmut/Pois      8%         1d3       26%         1
 Hailstorm                Conj/Ice       21%        3d6       50%         4
 Olgreb's Toxic Radiance  Pois           2%         N/A       94%         4


Dungeon Overview and Level Annotations

Branches:
Dungeon (5/15)
 Temple: D:4-7

Altars:


Innate Abilities, Weirdness & Mutations

((You are quick and stealthy near water. (Stealth+, EV+, Speed+++)))
Your lower body shifts to a powerful aquatic tail in water.


Message History

The frozen ramparts melt away as you move.
The wight hits you from afar with a +3 halberd of freezing.
The wight freezes you. The wight closely misses you.
Aiming: Freeze (safe; 1% risk of failure)
Press: ? - help, Q - select action, (/) - cycle Shift-Dir - straight line, f/p - wight
Aim: a wight, wielding a +3 halberd of freezing and wearing a +0 robe (moderately damaged)
You feel a surge of power!
You freeze the wight but do no damage.
The wight completely resists.
The wight barely misses you.
Aiming: Freeze (safe; 1% risk of failure)
Press: ? - help, Q - select action, (/) - cycle Shift-Dir - straight line, f/p - wight
Aim: a wight, wielding a +3 halberd of freezing and wearing a +0 robe (moderately damaged)
You feel a surge of power!
You freeze the wight.
The wight resists.
The wight is moderately damaged.
The wight closely misses you.
Aiming: Freeze (safe; 1% risk of failure)
Press: ? - help, Q - select action, (/) - cycle Shift-Dir - straight line, f/p - wight
Aim: a wight, wielding a +3 halberd of freezing and wearing a +0 robe (moderately damaged)
You feel a surge of power!
You freeze the wight.
The wight resists.
The wight is moderately damaged.
The wight hits you with a +3 halberd of freezing!
You feel drained. The wight freezes you.
Aiming: Freeze (safe; 1% risk of failure)
Press: ? - help, Q - select action, (/) - cycle Shift-Dir - straight line, f/p - wight
Aim: a wight, wielding a +3 halberd of freezing and wearing a +0 robe (moderately damaged)
You feel a surge of power!
You freeze the wight.
The wight resists.
The wight is heavily damaged.
The wight hits you with a +3 halberd of freezing.
The wight freezes you.
* * * LOW HITPOINT WARNING * * *
Hit: c) staff of cold
Press: ? - help, Dir - move target, f/p - wight
Aim: a wight, wielding a +3 halberd of freezing and wearing a +0 robe (heavily damaged, about 35% to evade your staff of cold)
You hit the wight but do no damage.
The wight is heavily damaged.
The wight hits you with a +3 halberd of freezing!
* * * LOW HITPOINT WARNING * * *
You feel drained.
You die...

>.......'.....#...+....#....+
........#.....#...#....'....#
...##...###..##...#....####.#
...##...###..##...###.....#
#####.....#.........#.....#
#......#.........'.....#
#......#.........#.....#
##..##########z###.....#
##..# ##.@.#####...... #...#
#.....# #...... #...# #...†.#
#....... ###+#############
....... ####...............
##+## ...#...............
...#...............
..<#......†........
..##...............


You could see a wight.

Vanquished Creatures
  A jelly (D:4)
  A hound (D:4)
  Ijyb (D:3)
  A hound skeleton (D:4)
  8 adders
  11 gnolls
  A worm (D:3)
  3 orcs
  7 endoplasms
  4 giant cockroaches
  4 goblins
  7 hobgoblins
  5 kobolds
  4 quokkas
  7 ball pythons
  6 bats
  2 frilled lizards
  6 rats
79 creatures vanquished.

Vanquished Creatures (others)
  2 plants (D:2)
2 creatures vanquished.

Grand Total: 81 creatures vanquished

Notes
Turn   | Place    | Note
-------+----------+-------------------------------------------
     0 | D:1      | zezblit the Merfolk Ice Elementalist began the quest for
                  | the Orb.
     0 | D:1      | Reached XP level 1. HP: 13/13 MP: 3/3
   273 | D:1      | Reached XP level 2. HP: 17/19 MP: 3/5
   334 | D:1      | Reached skill level 5 in Ice Magic
   334 | D:1      | Reached XP level 3. HP: 19/24 MP: 0/6
   342 | D:1      | Learned a level 3 spell: Frozen Ramparts
  1348 | D:2      | Reached XP level 4. HP: 30/30 MP: 4/7
  2042 | D:2      | Found a faded altar of an unknown god.
  2333 | D:3      | Noticed Ijyb
  2356 | D:3      | Killed Ijyb
  2357 | D:3      | Reached skill level 6 in Ice Magic
  2357 | D:3      | Reached XP level 5. HP: 32/35 MP: 4/9
  3388 | D:4      | Reached XP level 6. HP: 39/41 MP: 5/10
  3393 | D:4      | Learned a level 3 spell: Ozocubu's Armour
  3773 | D:5      | Entered Level 5 of the Dungeon
  3877 | D:4      | Reached skill level 7 in Ice Magic
  3971 | D:4      | Learned a level 2 spell: Poisonous Vapours
  4196 | D:4      | HP: 1/39 [wight (11)]
  4196 | D:4      | Slain by a wight

Illustrated notes

Levels and vault maps discovered:
D:1:      amcnicky_arrival_feature_with_door, layout_basic, minmay_distorted
D:2:      layout_rooms, basic_ecumenical_altar, serial_bayou_crossing
D:3:      layout_basic, kennysheep_doodads, uniq_ijyb
D:4:      layout_gridville, gammafunk_ghost_nasty_kobolds
D:5:      layout_layer_cave, minmay_temple_entry_glass,
          kennysheep_generic_room_10

Skill      XL: |  1  2  3  4  5  6 |
---------------+-------------------+-----
Ice Magic      | 5 6 7 |  7.1
Dodging        | 3 |  3.2
Spellcasting   | 3 |  3.5
Maces & Flails | |  0.3
Armour         | |  0.1
Stealth        | |  2.5
Unarmed Combat | |  0.2

Action                   |  1- 3 |  4- 6 || total
-------------------------+-------+-------++-------
Melee: Spear             |     3 |       ||     3
       Flail             |    14 |     4 ||    18
       Staff             |     3 |    21 ||    24
       Unarmed           |       |    10 ||    10
 Cast: Freeze            |    29 |    78 ||   107
       Frozen Ramparts   |       |     5 ||     5
       Ozocubu's Armour  |       |     2 ||     2
Evoke: Wand              |       |     1 ||     1
  Use: Scroll            |     2 |     6 ||     8
       Potion            |       |     1 ||     1
Armor: Robe              |    15 |       ||    15
       Leather armour    |       |    32 ||    32
Dodge: Dodged            |    29 |    85 ||   114

Table legend: (Time is in decaauts)
 A = Elapsed time spent in this place.
 B = Non-inter-level travel time spent in this place.
 C = Inter-level travel time spent in this place.
 D = Time resting spent in this place.
 E = Time spent auto-exploring this place.
 F = Levels seen in this place.
 G = Mean time per level.
                   A        B        C        D        E       F      G
               +--------+--------+--------+--------+--------+-----+--------+
         Total |   4204 |   4121 |     83 |    877 |   2311 |   5 |  840.8 |
       Dungeon |   4204 |   4121 |     83 |    877 |   2311 |   5 |  840.8 |
               +--------+--------+--------+--------+--------+-----+--------+

Top non-repeatable levels by time:
     D:1: 1233 daAuts
     D:3: 1229 daAuts
     D:4: 871 daAuts
     D:2: 867 daAuts
     D:5: 1 daAuts
